TOP OF THE 1ST |
University of Conneticut Huskies batting - Pitching for Florida State University Seminoles : RHP Yan-hao Chiu
|
Pitching: RHP Yan-hao Chiu
|
|
Batting: RHB Kyle Finney
|
0-0: Ball 1-0: Ball 2-0: Called Strike 2-1: Ground out 5-3 (Groundball, 56, EV 83.8 MPH)
|
Batting: LHB Greg James
|
0-0: Ball 1-0: Ball 2-0: Ball 3-0: Called Strike 3-1: Ground out 1-3 (Groundball, 34S, EV 67.5 MPH)
|
Batting: LHB Hector Acosta
|
0-0: Ground out 4-3 (Groundball, 4, EV 86.2 MPH)
|
Top of the 1st over - 0 runs, 0 hits, 0 errors, 0 left on base; University of Conneticut 0 - Florida State University 0 |
BOTTOM OF THE 1ST |
Florida State University Seminoles batting - Pitching for University of Conneticut Huskies : RHP Jose Rios
|
Pitching: RHP Jose Rios
|
|
Batting: RHB Ray Johnson
|
0-0: Foul Ball, location: 2F 0-1: Ball 1-1: SINGLE (Groundball, 15S, EV 68.8 MPH) (infield hit)
|
Batting: RHB Terry Cisneros
|
0-0: Called Strike 0-1: Ball 1-1: Ball 2-1: Called Strike Ray Johnson steals 2nd base 2-2: Strikes out swinging
|
Batting: RHB Larry Berge
|
0-0: Called Strike 0-1: Ball 1-1: Ball 2-1: Foul Ball, location: 2F 2-2: Strikes out swinging
|
Batting: RHB Butch Huskey
|
0-0: Swinging Strike 0-1: Ball 1-1: Called Strike 1-2: Ball 2-2: Foul Ball, location: 2F 2-2: Foul Ball, location: 2F 2-2: Strikes out swinging, 2-3 out at first.
|
Bottom of the 1st over - 0 runs, 1 hit, 0 errors, 1 left on base; University of Conneticut 0 - Florida State University 0 |
TOP OF THE 2ND |
University of Conneticut Huskies batting - Pitching for Florida State University Seminoles : RHP Yan-hao Chiu
|
Batting: LHB Andrew Barzee
|
0-0: Ground out 4-3 (Groundball, 4, EV 108.1 MPH)
|
Batting: RHB Jordan Nicholas
|
0-0: Called Strike 0-1: Called Strike 0-2: Strikes out swinging
|
Batting: RHB Cullen Elliott
|
0-0: Fly out, F7 (Flyball, 78S, EV 94.4 MPH)
|
Top of the 2nd over - 0 runs, 0 hits, 0 errors, 0 left on base; University of Conneticut 0 - Florida State University 0 |
BOTTOM OF THE 2ND |
Florida State University Seminoles batting - Pitching for University of Conneticut Huskies : RHP Jose Rios
|
Batting: RHB Jonathan Bruni
|
0-0: Ball 1-0: Fly out, F6 (Popup, 5D, EV 51.9 MPH)
|
Batting: RHB Emilio Guerra
|
0-0: Hit by Pitch
|
Batting: LHB John Doiron
|
0-0: Called Strike 0-1: Ball 1-1: Ball 2-1: Foul Ball, location: 2F 2-2: Ball 3-2: Fly out, F7 (Flyball, 7S, EV 91.2 MPH)
|
Batting: RHB George Smienk
|
0-0: Called Strike Emilio Guerra steals 2nd base 0-1: Ball 1-1: Foul Ball, location: 2F 1-2: Ball 2-2: Ball 3-2: DOUBLE (Line Drive, 7LM, EV 107.5 MPH) Emilio Guerra scores
|
Batting: LHB Matt Stewart
|
0-0: Ball 1-0: Fly out, F7 (Flyball, 7, EV 83.8 MPH)
|
Bottom of the 2nd over - 1 run, 1 hit, 0 errors, 1 left on base; University of Conneticut 0 - Florida State University 1 |
TOP OF THE 3RD |
University of Conneticut Huskies batting - Pitching for Florida State University Seminoles : RHP Yan-hao Chiu
|
Batting: LHB Omar Alba
|
0-0: Ball 1-0: Ball 2-0: Foul Ball, location: 2F 2-1: Swinging Strike 2-2: Fly out, F7 (Line Drive, 7, EV 86.2 MPH)
|
Batting: RHB Lee Wilbur
|
0-0: Ball 1-0: Ball 2-0: Reached on error, E4 (Groundball, 4M, EV 103.1 MPH)
|
Batting: SHB Miguel Perez
|
0-0: Called Strike 0-1: Ball 1-1: Swinging Strike 1-2: Ball 2-2: Ball 3-2: Strikes out swinging
|
Batting: RHB Kyle Finney
|
0-0: Ball 1-0: Ball 2-0: Ball 3-0: SINGLE (Line Drive, 78S, EV 93.8 MPH) Lee Wilbur to second
|
Batting: LHB Greg James
|
0-0: Hit by Pitch Lee Wilbur to third Kyle Finney to second
|
Batting: LHB Hector Acosta
|
0-0: Ball 1-0: Ball 2-0: Swinging Strike 2-1: Swinging Strike 2-2: Ball 3-2: Base on Balls Lee Wilbur scores Kyle Finney to third Greg James to second
|
Batting: LHB Andrew Barzee
|
0-0: Ball 1-0: Ball 2-0: Ball 3-0: Called Strike 3-1: Foul Ball, location: 2F 3-2: Foul Ball, location: 2F 3-2: Base on Balls Kyle Finney scores Greg James to third Hector Acosta to second
|
Batting: RHB Jordan Nicholas
|
0-0: Called Strike 0-1: Fly out, F7 (Flyball, 7D, EV 100.0 MPH)
|
Top of the 3rd over - 2 runs, 1 hit, 1 error, 3 left on base; University of Conneticut 2 - Florida State University 1 |
BOTTOM OF THE 3RD |
Florida State University Seminoles batting - Pitching for University of Conneticut Huskies : RHP Jose Rios
|
Batting: RHB Ray Johnson
|
0-0: Called Strike 0-1: Foul Ball, location: 2F 0-2: Ground out 5-3 (Groundball, 56, EV 105.6 MPH)
|
Batting: RHB Terry Cisneros
|
0-0: Swinging Strike 0-1: Ball 1-1: Ground out 6-3 (Groundball, 6, EV 90.6 MPH)
|
Batting: RHB Larry Berge
|
0-0: Ball 1-0: Reached on error, E6 (Groundball, 6, EV 78.1 MPH)
|
Batting: RHB Butch Huskey
|
0-0: Ball Larry Berge steals 2nd base 1-0: Ground out U3 (Groundball, 3, EV 86.2 MPH)
|
Bottom of the 3rd over - 0 runs, 0 hits, 1 error, 1 left on base; University of Conneticut 2 - Florida State University 1 |
TOP OF THE 4TH |
University of Conneticut Huskies batting - Pitching for Florida State University Seminoles : RHP Yan-hao Chiu
|
Batting: RHB Cullen Elliott
|
0-0: Ball 1-0: Foul Ball, location: 2F 1-1: Foul Ball, location: 2F 1-2: Foul Ball, location: 2F 1-2: Foul Ball, location: 2F 1-2: Foul Ball, location: 2F 1-2: Ball 2-2: Foul Ball, location: 2F 2-2: Fly out, F8 (Flyball, 8LS, EV 93.1 MPH)
|
Batting: LHB Omar Alba
|
0-0: Ball 1-0: Ball 2-0: Called Strike 2-1: Foul Ball, location: 2F 2-2: Ball 3-2: Foul Ball, location: 2F 3-2: Hit by Pitch
|
Batting: RHB Lee Wilbur
|
0-0: SINGLE (Line Drive, 89S, EV 104.4 MPH) Omar Alba to second
|
Batting: SHB Miguel Perez
|
0-0: Called Strike 0-1: Foul Ball, location: 2F 0-2: Ball 1-2: Ball Wild Pitch! Omar Alba to third Lee Wilbur to second 2-2: Ball 3-2: SINGLE (Groundball, 3D, EV 101.2 MPH) Omar Alba scores Lee Wilbur to third Runner from 3rd tries for Home, throw by RF and OUT! 9-2 Miguel Perez to second
|
Batting: RHB Kyle Finney
|
0-0: Ball 1-0: Called Strike 1-1: Foul Ball, location: 2F 1-2: Ball 2-2: Ball 3-2: Base on Balls
|
Pitching: RHP Ben Mathias
|
|
Batting: LHB Greg James
|
0-0: Ball 1-0: Foul Ball, location: 2F 1-1: Ball 2-1: Called Strike 2-2: Strikes out swinging
|
Top of the 4th over - 1 run, 2 hits, 0 errors, 2 left on base; University of Conneticut 3 - Florida State University 1 |
BOTTOM OF THE 4TH |
Florida State University Seminoles batting - Pitching for University of Conneticut Huskies : RHP Jose Rios
|
Batting: RHB Jonathan Bruni
|
0-0: Called Strike 0-1: Foul Ball, location: 2F 0-2: Ball 1-2: Ball 2-2: Foul Ball, location: 2F 2-2: Strikes out looking
|
Batting: RHB Emilio Guerra
|
0-0: Ball 1-0: Swinging Strike 1-1: Foul Ball, location: 2F 1-2: Ball 2-2: Ball 3-2: Strikes out swinging
|
Batting: LHB John Doiron
|
0-0: Ground out U3 (Groundball, 3, EV 81.9 MPH)
|
Bottom of the 4th over - 0 runs, 0 hits, 0 errors, 0 left on base; University of Conneticut 3 - Florida State University 1 |
TOP OF THE 5TH |
University of Conneticut Huskies batting - Pitching for Florida State University Seminoles : RHP Ben Mathias
|
Batting: LHB Hector Acosta
|
0-0: Ball 1-0: Ball 2-0: Fly out, F7 (Flyball, 7LM, EV 88.1 MPH)
|
Batting: LHB Andrew Barzee
|
0-0: Ball 1-0: Ball 2-0: Ball 3-0: Base on Balls
|
Batting: RHB Jordan Nicholas
|
0-0: Called Strike 0-1: Ball 1-1: Ground out U3 (Groundball, 3S, EV 63.1 MPH) Andrew Barzee to second
|
Batting: RHB Cullen Elliott
|
0-0: Called Strike 0-1: Foul Ball, location: 2F 0-2: Foul Ball, location: 2F 0-2: Ground out U3 (Groundball, 3, EV 102.5 MPH)
|
Top of the 5th over - 0 runs, 0 hits, 0 errors, 1 left on base; University of Conneticut 3 - Florida State University 1 |
BOTTOM OF THE 5TH |
Florida State University Seminoles batting - Pitching for University of Conneticut Huskies : RHP Jose Rios
|
Batting: RHB George Smienk
|
0-0: Called Strike 0-1: Foul Ball, location: 2F 0-2: Strikes out swinging
|
Pitching: RHP Paul Pastrano
|
|
Batting: LHB Matt Stewart
|
0-0: Fly out, F8 (Flyball, 89D, EV 110.6 MPH)
|
Batting: RHB Ray Johnson
|
0-0: Ball 1-0: Fly out, F7 (Flyball, 78S, EV 86.2 MPH)
|
Bottom of the 5th over - 0 runs, 0 hits, 0 errors, 0 left on base; University of Conneticut 3 - Florida State University 1 |
TOP OF THE 6TH |
University of Conneticut Huskies batting - Pitching for Florida State University Seminoles : RHP Ben Mathias
|
Batting: LHB Omar Alba
|
0-0: Swinging Strike 0-1: Ball 1-1: Called Strike 1-2: Ball 2-2: Ball 3-2: Foul Ball, location: 2F 3-2: Base on Balls
|
Batting: RHB Lee Wilbur
|
0-0: Ball 1-0: Foul Ball, location: 2F 1-1: SINGLE (Groundball, 4MD, EV 95.6 MPH) Omar Alba to second Runner from 2nd tries for 3rd, SAFE after rundown.
|
Batting: SHB Miguel Perez
|
0-0: Called Strike 0-1: Ball 1-1: Called Strike 1-2: Ball 2-2: Foul Ball, location: 2F 2-2: Foul Ball, location: 2F 2-2: Strikes out swinging
|
Batting: RHB Kyle Finney
|
0-0: SINGLE (Line Drive, 34, EV 103.8 MPH) Omar Alba scores Lee Wilbur to second
|
Batting: LHB Greg James
|
0-0: Grounds into double play, 6-4-3 (Groundball, 6, EV 93.1 MPH)
|
Top of the 6th over - 1 run, 2 hits, 0 errors, 1 left on base; University of Conneticut 4 - Florida State University 1 |
BOTTOM OF THE 6TH |
Florida State University Seminoles batting - Pitching for University of Conneticut Huskies : RHP Paul Pastrano
|
Batting: RHB Terry Cisneros
|
0-0: Ball 1-0: Ground out 5-3 (Groundball, 5S, EV 70.6 MPH)
|
Batting: RHB Larry Berge
|
0-0: Foul Ball, location: 2F 0-1: Ball 1-1: Foul Ball, location: 2F 1-2: Ball 2-2: Ground out 4-3 (Groundball, 4, EV 90.0 MPH)
|
Batting: RHB Butch Huskey
|
0-0: Ball 1-0: Foul Ball, location: 2F 1-1: Ball 2-1: Ball 3-1: Base on Balls
|
Batting: RHB Jonathan Bruni
|
0-0: Ball 1-0: Fly out, F7 (Flyball, 78M, EV 91.9 MPH)
|
Bottom of the 6th over - 0 runs, 0 hits, 0 errors, 1 left on base; University of Conneticut 4 - Florida State University 1 |
TOP OF THE 7TH |
University of Conneticut Huskies batting - Pitching for Florida State University Seminoles : RHP Ben Mathias
|
Batting: LHB Hector Acosta
|
0-0: Ground out 1-3 (Groundball, 15S, EV 70.0 MPH)
|
Batting: LHB Andrew Barzee
|
0-0: Ball 1-0: Called Strike 1-1: Ball 2-1: Ball 3-1: Base on Balls
|
Batting: RHB Jordan Nicholas
|
0-0: Ball 1-0: Ball 2-0: Called Strike 2-1: Foul Ball, location: 2F 2-2: Strikes out looking
|
Batting: RHB Cullen Elliott
|
0-0: Ball 1-0: Swinging Strike 1-1: Called Strike Andrew Barzee is caught stealing 2nd base 2-4
|
Top of the 7th over - 0 runs, 0 hits, 0 errors, 0 left on base; University of Conneticut 4 - Florida State University 1 |
BOTTOM OF THE 7TH |
Florida State University Seminoles batting - Pitching for University of Conneticut Huskies : RHP Paul Pastrano
|
Batting: RHB Emilio Guerra
|
0-0: Ball 1-0: Ball 2-0: Ball 3-0: Base on Balls
|
Batting: LHB John Doiron
|
0-0: Ball 1-0: Ground out 4-3 (Groundball, 34, EV 102.5 MPH) Emilio Guerra to second
|
Batting: RHB George Smienk
|
0-0: Ball 1-0: Ball 2-0: Foul Ball, location: 2F 2-1: Foul Ball, location: 2F 2-2: Foul Ball, location: 2F 2-2: Ball 3-2: Ground out 6-3 (Groundball, 6, EV 90.0 MPH) Emilio Guerra to third
|
Batting: LHB Matt Stewart
|
0-0: Foul Ball, location: 2F 0-1: Hit by Pitch
|
Pinch Hitting: RHB Bart Hall
|
0-0: Ball 1-0: Foul Ball, location: 2F 1-1: SINGLE (Groundball, 6S, EV 93.8 MPH) Emilio Guerra scores Matt Stewart to second
|
Pinch Hitting: SHB John Welsh
|
0-0: Ball 1-0: Called Strike 1-1: Foul Ball, location: 2F 1-2: Ball 2-2: Ball 3-2: Base on Balls Matt Stewart to third Bart Hall to second
|
Pinch Hitting: RHB J.R. Harvey
|
0-0: Foul Ball, location: 2F 0-1: Foul Ball, location: 2F 0-2: Foul Ball, location: 2F 0-2: Ground out 4-3 (Groundball, 4, EV 90.0 MPH)
|
Bottom of the 7th over - 1 run, 1 hit, 0 errors, 3 left on base; University of Conneticut 4 - Florida State University 2 |
TOP OF THE 8TH |
University of Conneticut Huskies batting - Pitching for Florida State University Seminoles : RHP Ben Mathias
|
Pitching: RHP Bob Guerrero
|
|
Now at 1B: John Welsh
|
|
Now at SS: J.R. Harvey
|
|
Now in LF: Bart Hall
|
|
Batting: RHB Cullen Elliott
|
0-0: Ball 1-0: Ball 2-0: Called Strike 2-1: Foul Ball, location: 2F 2-2: Foul Ball, location: 2F 2-2: Ball 3-2: Base on Balls
|
Batting: LHB Omar Alba
|
0-0: Ball 1-0: Fielders Choice at 2nd, 6-4 (Groundball, 6, EV 81.9 MPH)
|
Batting: RHB Lee Wilbur
|
0-0: Called Strike 0-1: Ball 1-1: SINGLE (Line Drive, 56D, EV 96.9 MPH) Omar Alba to second
|
Batting: SHB Miguel Perez
|
0-0: Ball 1-0: Ball 2-0: Called Strike 2-1: Swinging Strike 2-2: Strikes out swinging
|
Batting: RHB Kyle Finney
|
0-0: Ball 1-0: Ball 2-0: Ball 3-0: Called Strike 3-1: Base on Balls Omar Alba to third Lee Wilbur to second
|
Batting: LHB Greg James
|
0-0: Ball 1-0: Ball 2-0: Foul Ball, location: 2F 2-1: Swinging Strike 2-2: Ball 3-2: Strikes out swinging
|
Top of the 8th over - 0 runs, 1 hit, 0 errors, 3 left on base; University of Conneticut 4 - Florida State University 2 |
BOTTOM OF THE 8TH |
Florida State University Seminoles batting - Pitching for University of Conneticut Huskies : RHP Paul Pastrano
|
Batting: RHB Butch Huskey
|
0-0: Ball 1-0: Ball 2-0: SINGLE (Line Drive, 7LS, EV 98.1 MPH)
|
Batting: RHB Jonathan Bruni
|
0-0: Grounds into double play, 4-6-3 (Groundball, 4, EV 91.9 MPH)
|
Batting: RHB Emilio Guerra
|
0-0: Called Strike 0-1: Called Strike 0-2: Fly out, F8 (Line Drive, 8LD, EV 108.8 MPH)
|
Bottom of the 8th over - 0 runs, 1 hit, 0 errors, 0 left on base; University of Conneticut 4 - Florida State University 2 |
TOP OF THE 9TH |
University of Conneticut Huskies batting - Pitching for Florida State University Seminoles : RHP Bob Guerrero
|
Pitching: RHP Wade Striegel
|
|
Batting: LHB Hector Acosta
|
0-0: Ball 1-0: Swinging Strike 1-1: Ball 2-1: Ball 3-1: Base on Balls
|
Batting: LHB Andrew Barzee
|
0-0: Foul Ball, location: 2F 0-1: Fielders Choice at 2nd, 4-6 (Groundball, 34, EV 101.2 MPH)
|
Batting: RHB Jordan Nicholas
|
0-0: Called Strike 0-1: Ball 1-1: Called Strike 1-2: Ball 2-2: Ball 3-2: Base on Balls Andrew Barzee to second
|
Batting: RHB Cullen Elliott
|
0-0: Ball 1-0: Ball 2-0: Ball 3-0: Called Strike 3-1: Base on Balls Andrew Barzee to third Jordan Nicholas to second
|
Batting: LHB Omar Alba
|
0-0: Called Strike 0-1: Ball 1-1: Ball 2-1: Called Strike 2-2: Foul Ball, location: 2F 2-2: Fly out, F8 (Flyball, 8RD, EV 83.8 MPH) Runner from 3rd tags up, SCORES, throw by CF Jordan Nicholas to third
|
Batting: RHB Lee Wilbur
|
0-0: Ball 1-0: Swinging Strike 1-1: Ball 2-1: Ball 3-1: Base on Balls Cullen Elliott to second
|
Batting: SHB Miguel Perez
|
0-0: Reached on error, E4 (Groundball, 4, EV 91.2 MPH) Jordan Nicholas scores Cullen Elliott scores Lee Wilbur to third
|
Batting: RHB Kyle Finney
|
0-0: Fly out, F4 (Line Drive, 4, EV 70.0 MPH)
|
Top of the 9th over - 3 runs, 0 hits, 1 error, 2 left on base; University of Conneticut 7 - Florida State University 2 |
BOTTOM OF THE 9TH |
Florida State University Seminoles batting - Pitching for University of Conneticut Huskies : RHP Paul Pastrano
|
Batting: LHB John Doiron
|
0-0: Called Strike 0-1: Ball 1-1: Ball 2-1: Ball 3-1: Base on Balls
|
Batting: RHB George Smienk
|
0-0: Called Strike 0-1: Swinging Strike 0-2: Fly out, F8 (Flyball, 8LM, EV 88.8 MPH)
|
Batting: LHB Matt Stewart
|
0-0: Ball 1-0: Swinging Strike 1-1: Ball Wild Pitch! John Doiron to second 2-1: Ball 3-1: DOUBLE (Groundball, 3L, EV 97.5 MPH) John Doiron scores
|
Pitching: RHP Victor Nava
|
|
Batting: RHB Bart Hall
|
0-0: Called Strike 0-1: Ball 1-1: Ground out 5-3 (Groundball, 56, EV 94.4 MPH)
|
Batting: SHB John Welsh
|
0-0: Swinging Strike 0-1: Swinging Strike 0-2: Strikes out looking
|
Bottom of the 9th over - 1 run, 1 hit, 0 errors, 1 left on base; University of Conneticut 7 - Florida State University 3 |
|